 Dungeon Crawl Stone Soup version 0.16.2-3-ga078185 (webtiles) character file.

1180 gorblad the Chopper (level 8, -11/102 HPs)
             Began as a Hill Orc Gladiator on Sept 8, 2015.
             Was a Believer of Yredelemnul.
             Killed by Freeze
             ... invoked by raikaria's ghost
              (13 damage)
             ... on level 5 of the Dungeon.
             The game lasted 00:29:10 (5247 turns).

gorblad the Chopper (Hill Orc Gladiator)            Turns: 5247, Time: 00:29:12

Health: -11/102    AC: 10    Str: 23    XL:     8   Next: 42%
Magic:  8/8        EV: 12    Int:  8    God:    Yredelemnul [**....]
Gold:   217        SH:  0    Dex: 13    Spells: 0 memorised, 7 levels left

rFire  . . .     SeeInvis .     a - +0 war axe
rCold  . . .     Clarity  .     x - +0 scale mail
rNeg   . . .     SustAb   .     (no shield)
rPois  .         Gourm    .     k - +2 helmet
rElec  .         Spirit   .     (no cloak)
rCorr  .         Warding  .     (no gloves)
rMut   .         Stasis   .     (no boots)
MR     .....                    t - amulet of rage
Stlth  ..........               (no ring)
                                (no ring)

@: berserking, lethally poisoned (-11 -> -16), very slightly contaminated,
invisible (expiring), very quick, not resistant to hostile enchantments,
extremely unstealthy
A: no striking features
a: Animate Remains, Recall Undead Slaves, Injury Mirror, Renounce Religion,
Evoke Berserk Rage


You were on level 5 of the Dungeon.
You worshipped Yredelemnul.
Yredelemnul was pleased with you.
You were not hungry.

You visited 1 branch of the dungeon, and saw 5 of its levels.

You collected 217 gold pieces.

Inventory:

Hand weapons
 a - a +0 war axe (weapon)
 d - a +0 hand crossbow
 p - a +0 arbalest
 r - a +0 war axe
Armour
 b - a +0 leather armour
 c - a +0 helmet
 e - a +0 chain mail
 k - a +2 helmet (worn)
 o - a +0 chain mail
 x - a +0 scale mail (worn)
Jewellery
 t - an amulet of rage (around neck)
 u - an uncursed ring of loudness
Magical devices
 v - a wand of slowing (15)
Scrolls
 l - a scroll of fear {unknown}
 m - a scroll of recharging {unknown}
 A - a scroll of amnesia
Potions
 g - a potion of mutation {unknown}
 h - 2 potions of heal wounds {unknown}
 j - 2 potions of haste
 n - 4 potions of agility
 q - 2 potions of brilliance
 w - a potion of magic {unknown}
 z - a potion of restore abilities {unknown}
Comestibles
 f - 3 meat rations
 i - a beef jerky
 s - a bread ration


   Skills:
 + Level 5.0 Fighting
 + Level 7.1 Axes
 + Level 1.0 Crossbows
 + Level 3.9 Throwing
 + Level 5.2 Armour
 + Level 3.9 Dodging
 + Level 2.0 Stealth
 + Level 0.6 Invocations


You had 7 spell levels left.
You didn't know any spells.

Dungeon Overview and Level Annotations

Branches:
Dungeon (5/15)             Temple (0/1) D:5

Altars:
Cheibriados
Yredelemnul

Annotations:
D:5 raikaria's ghost, experienced HEIE


Message History

You feel sick. Raikaria's ghost hits you.
* * * LOW HITPOINT WARNING * * *
You miss raikaria's ghost.
Raikaria's ghost is heavily damaged.
You feel sick.
Raikaria's ghost gestures at you while chanting.
* * * LOW HITPOINT WARNING * * *
The gnoll hits you from afar with a spear of chaos!
* * * LOW HITPOINT WARNING * * *
A red film seems to cover your vision as you go berserk!
You feel yourself moving faster!
You feel mighty!
Unknown command.
You are too berserk!
You miss raikaria's ghost.
Raikaria's ghost is heavily damaged.
* * * LOW HITPOINT WARNING * * *
You feel sick.
Raikaria's ghost points at you and mumbles some strange words.
You die...
Your body rises from the dead as a mindless zombie.

### #.. #.# ##########
##.# #........## ##.#.
#@######..####.###
#≈≈#.##Wg.# ##.....##
######Y#gg≈≈≈≈###.##....
#. .#.(#(≈≈.⌠ #.# .###
.. ≈≈≈#...##.⌠ #.# .# #
≈..##.⌠## ### .# .#≈
#⌠.#. .# ≈#≈###.## .#
../ ..


You could see an ice beast, raikaria's ghost and 3 gnolls.

Vanquished Creatures
  Grinder (D:4)
  The ghost of gorblad the Cutter, an average DsGl of Ru (D:3)
  2 sky beasts
  A phantom (D:4)
  A crimson imp (D:5)
  3 orc priests
  2 hounds (D:4)
  An orc wizard (D:4)
  4 worker ants
  A hound skeleton (D:4)
  8 adders
  7 gnolls
  A giant mite (D:2)
  3 worms
  2 adder skeletons (D:4)
  2 giant geckos (D:2)
  An ooze (D:4)
  12 orcs
  2 ball pythons
  8 bats
  8 goblins
  14 hobgoblins
  5 jackals
  2 quokkas (D:2)
  7 giant cockroaches
  5 giant newts
  8 kobolds
  12 rats
124 creatures vanquished.

Vanquished Creatures (others)
  A hobgoblin zombie (D:3)
1 creature vanquished.

Grand Total: 125 creatures vanquished

Notes
Turn   | Place    | Note
--------------------------------------------------------------
     0 | D:1      | gorblad, the Hill Orc Gladiator, began the quest for the Orb.
     0 | D:1      | Reached XP level 1. HP: 18/18 MP: 1/1
   230 | D:1      | Reached XP level 2. HP: 20/25 MP: 2/2
   656 | D:1      | Reached XP level 3. HP: 30/30 MP: 3/3
  1098 | D:2      | Found a basalt altar of Yredelemnul.
  1243 | D:2      | Became a worshipper of Yredelemnul the Dark
  1531 | D:2      | Reached skill level 1 in Armour
  1537 | D:2      | Reached XP level 4. HP: 25/37 MP: 4/4
  1922 | D:2      | Reached skill level 5 in Axes
  2204 | D:3      | Reached XP level 5. HP: 43/45 MP: 5/5
  2300 | D:3      | Noticed gorblad's ghost (average DsGl)
  2345 | D:3      | Killed gorblad's ghost
  2345 | D:3      | Reached XP level 6. HP: 19/51 MP: 6/6
  2804 | D:3      | Acquired Yredelemnul's first power
  2866 | D:3      | Found a snail-covered altar of Cheibriados.
  3567 | D:4      | Reached skill level 1 in Stealth
  3934 | D:4      | Reached XP level 7. HP: 59/59 MP: 7/7
  4125 | D:4      | Reached skill level 6 in Axes
  4199 | D:4      | Noticed Grinder
  4204 | D:4      | Paralysed by Grinder for 3 turns
  4240 | D:4      | Killed Grinder
  4484 | D:4      | Reached XP level 8. HP: 55/67 MP: 8/8
  4595 | D:4      | Acquired Yredelemnul's second power
  4876 | D:5      | Entered Level 5 of the Dungeon
  4876 | D:5      | Found a staircase to the Ecumenical Temple.
  4887 | D:5      | Reached skill level 5 in Armour
  4920 | D:4      | Reached skill level 7 in Axes
  5050 | D:5      | Reached skill level 1 in Crossbows
  5058 | D:5      | Reached skill level 5 in Fighting
  5227 | D:5      | Noticed raikaria's ghost (experienced HEIE)
  5246 | D:5      | HP: 2/68 [gnoll/spear of chaos (7)]
  5247 | D:5      | Killed from afar by raikaria's ghost

Action                   |  1- 3 |  4- 6 |  7- 9 || total
-------------------------+-------+-------+-------++-------
Melee: War axe           |   140 |   212 |   113 ||   465
 Fire: Hand crossbow     |       |       |    16 ||    16
       Arbalest          |       |       |     5 ||     5
Throw: Throwing net      |     9 |    12 |     3 ||    24
       Tomahawk          |    22 |    36 |     7 ||    65
Invok: Animate Remains   |       |     1 |       ||     1
 Abil: Evoke Berserk Rag |       |     1 |       ||     1
  Use: Scroll            |       |    10 |       ||    10
 Stab: Held in net/web   |     2 |     7 |       ||     9
       Invisible         |       |       |     2 ||     2
  Eat: Chunk             |     2 |     5 |     2 ||     9
       Royal jelly       |       |     1 |     1 ||     2
       Beef jerky        |       |     1 |       ||     1
       Fruit             |       |       |     1 ||     1
